 Dungeon Crawl Stone Soup version 0.30-a0-883-g5ad918d77d (webtiles) character file.

Game seed: 3917456317999990089

11007 Pimp the Slasher (level 11, -6/91 HPs)
             Began as a Black Draconian Fire Elementalist on Mar 16, 2023.
             Was a Priest of Vehumet.
             Mangled by a boulder beetle (17 damage)
             ... on level 11 of the Dungeon.
             The game lasted 00:39:55 (14144 turns).

Pimp the Slasher (DrFE)                            Turns: 14144, Time: 00:39:56

Health: -6/91      AC: 13    Str: 19    XL:     11   Next: 43%
Magic:  10/22      EV: 14    Int: 16    God:    Vehumet [***...]
Gold:   436        SH:  0    Dex: 13    Spells: 5/22 levels left

rFire   . . .      SeeInvis .    l - +7 Throatcutter {drain, coup de grace}
rCold   . . .      Faith    .    (no shield)
rNeg    . . .      Spirit   .    (body armour unavailable)
rPois   .          Reflect  .    (helmet restricted)
rElec   +          Rampage  .    t - +2 cloak
rCorr   .                        k - +2 pair of gloves "Ylowao" {Slay+2}
Will    +....                    (no boots)
Stlth   ++                       (no amulet)
HPRegen 0.35/turn                d - ring of wizardry
MPRegen 0.18/turn                q - +6 ring of strength

@: no status effects
A: breathe lightning, AC +7, unfitting armour, electricity resistance,
cold-blooded, high MP 1, strong-willed 1, wild magic 2
a: Breathe Lightning, Renounce Religion


You were on level 11 of the Dungeon.
You worshipped Vehumet.
Vehumet was most pleased with you.
You visited 2 branches of the dungeon, and saw 12 of its levels.

You collected 616 gold pieces.
You spent 180 gold pieces at shops.

Inventory:

Hand Weapons
 b - a +0 short sword of protection
 h - a +3 dagger of freezing
 l - the +7 Throatcutter (weapon) {drain, coup de grace}
   (You found it on level 6 of the Dungeon)
Missiles
 r - 6 silver javelins
 s - 6 javelins
Armour
 k - the +2 pair of gloves "Ylowao" (worn) {Slay+2}
   (You bought it in a shop on level 4 of the Dungeon)

   Slay:      It affects your accuracy & damage with ranged weapons and melee
   (+2).
 t - a +2 cloak (worn)
Jewellery
 c - an amulet of guardian spirit
 d - a ring of wizardry (left hand)
 q - a +6 ring of strength (right hand)
Wands
 a - a wand of iceblast (13) (quivered)
 e - a wand of paralysis (20)
 y - a wand of flame (26)
 C - a wand of mindburst (10)
Scrolls
 i - 9 scrolls of identify
 j - 2 scrolls of amnesia
 n - 2 scrolls of teleportation
 p - a scroll of magic mapping
 v - a scroll of noise
 B - a scroll of enchant armour
Potions
 f - 4 potions of lignification
 m - 2 potions of cancellation
 u - a potion of brilliance
 A - a potion of mutation


   Skills:
 + Level 6.7 Fighting
 - Level 3.6(6.2) Short Blades
 * Level 7.7(8.1) Long Blades
 + Level 6.3 Dodging
 - Level 2.0 Stealth
 + Level 6.4 Spellcasting
 + Level 6.9 Conjurations
 + Level 7.5 Fire Magic
 + Level 7.0 Air Magic


You had 5 spell levels left.
You knew the following spells:

 Your Spells              Type           Power      Damage    Failure   Level
a - Foxfire               Conj/Fire      100%       2x1d9     1%          1
b - Scorch                Fire           92%        2d9       1%          2
c - Inner Flame           Hex/Fire       27%        N/A       2%          3
d - Mephitic Cloud        Conj/Pois/Air  32%        N/A       1%          3
e - Kindle Blastsparks    Fire/Tloc/Air  66%        2d15      1%          3
f - Flame Wave            Conj/Fire      45%        2d12      1%          4
g - Freeze                Ice            32%        1d5       3%          1

Your spell library contained the following spells:

 Spells                   Type           Power      Damage    Failure   Level
 Searing Ray              Conj           86%        2d7       1%          2
 Poisonous Vapours        Pois/Air       52%        N/A       1%          2
 Hailstorm                Conj/Ice       25%        3d7       2%          3
 Cigotuvi's Dreadful Rot  Necr/Pois/Air  40%        N/A       7%          2
 Frozen Ramparts          Ice            16%        1d3       8%          3
 Slow                     Hex            32%        N/A       11%         1
 Confusing Touch          Hex            8%         N/A       26%         3
 Vampiric Draining        Necr           8%         2d6       26%         3
 Dispel Undead            Necr           8%         3d8       58%         4
 Death Channel            Necr           4%         N/A       100%        6


Dungeon Overview and Level Annotations

Branches:
Dungeon (11/15)            Temple (1/1) D:7             Orc (0/2) D:11
   Lair: D:8-11

Altars:
Ashenzari
Cheibriados
Dithmenos
Elyvilon
Fedhas
Gozag
Hepliaklqana
Kikubaaqudgha
Makhleb
Nemelex Xobeh
Okawaru
Qazlal
Ru
Sif Muna
Trog
Uskayaw
Vehumet
Wu Jian
Xom
Yredelemnul
Zin
The Shining One

Shops:
D:4 *   D:6 *


Innate Abilities, Weirdness & Mutations

You can breathe wild blasts of lightning.
Your glossy black scales are hard. (AC +7)
You cannot fit into any form of body armour.
You are resistant to electric shocks. (rElec)
You are cold-blooded and may be slowed by cold attacks.
You have an increased reservoir of magic. (+10% MP)
You are strong-willed. (Will+)
Your spells are harder to cast, but more powerful.


Message History

The cloud of blastsparks explodes!
The concussive blast engulfs the boulder beetle.
The boulder beetle is heavily wounded.
Casting: Kindle Blastsparks (safe; 1% risk of failure)
Confirm with . or Enter, or press ? or * to list all spells.
A cloud of volatile blastsparks flares up around you!
The boulder beetle seems less drained.
The cloud of blastsparks explodes!
The concussive blast engulfs the boulder beetle!
The boulder beetle is heavily wounded.
Casting: Kindle Blastsparks (safe; 1% risk of failure)
Confirm with . or Enter, or press ? or * to list all spells.
A cloud of volatile blastsparks flares up around you!
The boulder beetle curls into a ball and begins rolling!
The cloud of blastsparks explodes!
The concussive blast engulfs the boulder beetle!
The boulder beetle is severely wounded.
Casting: Kindle Blastsparks (safe; 1% risk of failure)
Confirm with . or Enter, or press ? or * to list all spells.
A cloud of volatile blastsparks flares up around you!
The cloud of blastsparks explodes!
The concussive blast engulfs the boulder beetle but does no damage.
The boulder beetle is heavily wounded.
The concussive blast engulfs you!!
* * * LOW HITPOINT WARNING * * *
You are knocked back by the blast.
The boulder beetle attacks as you move away!
The boulder beetle closely misses you.
The boulder beetle stops rolling and uncurls.
You slice the boulder beetle!! You drain the boulder beetle.
The boulder beetle is almost dead.
The boulder beetle completely misses you.
You completely miss the boulder beetle.
The boulder beetle is almost dead.
The boulder beetle bites you.
* * * LOW HITPOINT WARNING * * *
You hit the boulder beetle.
The boulder beetle is almost dead.
The boulder beetle bites you!
You die...

#..#
#.##
#.#
#.####
#..#.#
#.#.#
#..##
#B#.#
#@.#.#
######


You could see a boulder beetle (drained).

Vanquished Creatures
  A two-headed ogre (D:9)
  A cyclops (D:11)
  An ugly thing (D:10)
  Maggie (D:7)
  A gargoyle (D:10)
  An unseen horror (D:10)
  2 rime drakes (D:11)
  A hornet (D:8)
  4 trolls
  Grinder (D:5)
  A shadow (D:11)
  13 yaks
  2 wraiths
  4 vampire mosquitoes (D:9)
  A steam dragon (D:8)
  Edmund (D:4)
  3 water moccasins
  3 ice beasts
  2 orc warriors
  A sky beast (D:6)
  2 wolves
  2 centaurs (D:6)
  2 phantoms
  3 kobold brigands
  4 bullfrogs
  6 wights
  A troll zombie (D:11)
  11 killer bees
  3 howler monkeys (D:8)
  8 hounds
  Crazy Yiuf (D:7)
  5 orc priests
  4 gnoll boudas
  2 jellies (D:5)
  3 iguanas
  Ijyb (D:3)
  Jessica (D:3)
  4 orc wizards
  4 ogre zombies (D:11)
  7 adders
  20 gnolls
  4 worms
  A dart slug (D:2)
  29 orcs
  11 ball pythons
  5 bats
  5 endoplasms
  2 giant cockroaches
  9 hobgoblins
  4 jackals
  25 kobolds
  4 quokkas
  6 frilled lizards
  7 goblins
  A goblin skeleton (D:11)
  A goblin zombie (D:11)
  A hobgoblin zombie (D:11)
  4 orc skeletons (D:11)
  12 orc zombies (D:11)
  5 rats
275 creatures vanquished.

Vanquished Creatures (others)
  174 foxfires
  4 plants (D:4)
178 creatures vanquished.

Grand Total: 453 creatures vanquished

Notes
Turn   | Place    | Note
-------+----------+-------------------------------------------
     0 | D:1      | Pimp the Draconian Fire Elementalist began the quest for
                  | the Orb.
     0 | D:1      | Reached XP level 1. HP: 14/14 MP: 3/3
   265 | D:1      | Reached XP level 2. HP: 20/20 MP: 5/5
  1173 | D:2      | Reached XP level 3. HP: 17/26 MP: 0/6
  1340 | D:2      | Reached skill level 1 in Short Blades
  1592 | D:2      | Reached XP level 4. HP: 19/33 MP: 3/7
  2317 | D:3      | Learned a level 2 spell: Scorch
  2321 | D:3      | Learned a level 3 spell: Inner Flame
  2716 | D:3      | Noticed Ijyb
  2731 | D:3      | Killed Ijyb
  2732 | D:3      | Reached XP level 5. HP: 24/38 MP: 2/9
  2975 | D:3      | Noticed Jessica
  2983 | D:3      | Killed Jessica
  4122 | D:4      | Reached skill level 1 in Fighting
  4122 | D:4      | Reached XP level 6. HP: 22/47 MP: 1/10
  4373 | D:4      | Noticed Edmund
  4417 | D:4      | Killed Edmund
  4507 | D:4      | Found an iron altar of Okawaru.
  4832 | D:4      | Found Kinaikia's Assorted Antiques.
  4841 | D:4      | Bought a pair of transparent gloves for 180 gold pieces
  4841 | D:4      | Identified the +2 pair of gloves "Ylowao" {Slay+2} (You
                  | bought it in a shop on level 4 of the Dungeon)
  5066 | D:5      | Entered Level 5 of the Dungeon
  5191 | D:5      | Noticed a water moccasin
  5199 | D:5      | Killed a water moccasin
  5200 | D:5      | Your scales start taking on a glossy black colour.
  5200 | D:5      | Reached XP level 7. HP: 55/55 MP: 7/12
  5200 | D:5      | Gained mutation: You are resistant to electric shocks.
                  | (rElec) [Black Draconian growth]
  5204 | D:5      | Learned a level 3 spell: Mephitic Cloud
  5339 | D:5      | Noticed Grinder
  5481 | D:5      | Killed Grinder
  5482 | D:5      | Reached skill level 1 in Air Magic
  5791 | D:5      | Reached XP level 8. HP: 57/62 MP: 5/13
  6101 | D:6      | Found the +7 Throatcutter {drain, coup de grace}
  6115 | D:6      | Reached skill level 5 in Fire Magic
  6745 | D:6      | Reached skill level 1 in Long Blades
  6845 | D:6      | Gained mutation: Your mind is acute. (Int +4, Str/Dex -1)
                  | [potion of mutation]
  6845 | D:6      | Gained mutation: You are agile. (Dex +4, Str/Int -1)
                  | [potion of mutation]
  6845 | D:6      | Gained mutation: You occasionally lose the ability to drink
                  | potions when taking damage. [potion of mutation]
  6846 | D:6      | Lost mutation: You occasionally lose the ability to drink
                  | potions when taking damage. [potion of mutation]
  6846 | D:6      | Lost mutation: Your mind is acute. (Int +4, Str/Dex -1)
                  | [potion of mutation]
  6846 | D:6      | Lost mutation: You are agile. (Dex +4, Str/Int -1) [potion
                  | of mutation]
  6846 | D:6      | Gained mutation: You have hidden genetic potential. [potion
                  | of mutation]
  6846 | D:6      | Gained mutation: You are strong-willed. (Will+) [potion of
                  | mutation]
  6846 | D:6      | Gained mutation: Your spells are a little harder to cast,
                  | but a little more powerful. [potion of mutation]
  6955 | D:6      | Found Geypp's Assorted Antiques.
  7551 | D:7      | Found a runed translucent door.
  7552 | D:7      | Noticed Crazy Yiuf
  7601 | D:7      | Found a staircase to the Ecumenical Temple.
  7616 | D:7      | Reached XP level 9. HP: 63/71 MP: 15/15
  7645 | Temple   | Entered the Ecumenical Temple
  7832 | Temple   | Became a worshipper of Vehumet
  8029 | D:7      | Gained mutation: Your spells are harder to cast, but more
                  | powerful. [hidden potential]
  8225 | D:7      | Noticed Maggie
  8237 | D:7      | Killed Maggie
  8238 | D:7      | Reached skill level 5 in Spellcasting
  8238 | D:7      | Reached skill level 5 in Conjurations
  8530 | D:7      | Learned a level 3 spell: Kindle Blastsparks
  8872 | D:7      | Killed Crazy Yiuf
  9004 | D:8      | Learned a level 4 spell: Flame Wave
  9411 | D:8      | Reached skill level 5 in Dodging
  9505 | D:8      | Reached * piety under Vehumet
  9505 | D:8      | Offered knowledge of Kiss of Death by Vehumet.
  9623 | D:8      | Reached skill level 5 in Long Blades
  9647 | D:8      | Reached skill level 5 in Fighting
  9648 | D:8      | Reached skill level 5 in Air Magic
  9648 | D:8      | Reached XP level 10. HP: 29/81 MP: 3/18
 10309 | D:9      | Noticed a two-headed ogre
 10409 | D:9      | Gained mutation: You have an increased reservoir of magic.
                  | (+10% MP) [hidden potential]
 10409 | D:9      | Lost mutation: You have hidden genetic potential. [hidden
                  | potential expressed]
 10430 | D:9      | Killed a two-headed ogre
 10758 | D:9      | Offered knowledge of Freeze by Vehumet.
 10810 | D:9      | Learned a level 1 spell: Freeze
 10907 | D:9      | Reached ** piety under Vehumet
 11386 | D:10     | Entered Level 10 of the Dungeon
 11486 | D:11     | Found a frozen archway.
 11719 | D:10     | Noticed a gargoyle
 12295 | D:10     | Killed a gargoyle
 12399 | D:10     | Reached XP level 11. HP: 58/89 MP: 22/22
 12734 | D:10     | Noticed a purple ugly thing
 12752 | D:10     | Killed a purple ugly thing
 12946 | D:11     | Identified the +1 leather armour of the Valley of Death
                  | {Rampage rC+ Int+4}
 13014 | D:11     | Offered knowledge of Searing Ray by Vehumet.
 13018 | D:11     | Noticed a boulder beetle
 13376 | D:11     | Reached *** piety under Vehumet
 13417 | D:11     | Noticed a brown ugly thing
 14034 | D:11     | Found a staircase to the Orcish Mines.
 14144 | D:11     | Mangled by a boulder beetle

Illustrated notes

Levels and vault maps discovered:
D:1:      onia_arrival_pentagram, layout_basic, kennysheep_another_room,
          minmay_pentomino_x4
D:2:      minmay_alternating_diamond, layout_basic
D:3:      layout_loops_corners, uniq_ijyb, uniq_jessica
D:4:      layout_cave_pools, mainiacjoe_overflow_brackets, serial_shops,
          nicolae_lakefront_shop, serial_forest, infiniplex_forest_join,
          infiniplex_forest_lined_2, infiniplex_forest_clump_long,
          infiniplex_forest_corner_1, infiniplex_forest_lined_1,
          nicolae_half_adder, uniq_edmund
D:5:      layout_basic, uniq_grinder
D:6:      layout_basic, serial_shops, shop, kennysheep_generic_room_6
D:7:      layout_rooms, minmay_temple_entry_mini_moons, serial_corexii_hall,
          corexii_hall_statues_t, corexii_hall_statues_i,
          uniq_crazy_yiuf_cottage, uniq_maggie
D:8:      layout_basic
D:9:      layout_stronghold, minmay_misc_feat_diagonals
D:10:     layout_grid_maze
D:11:     layout_basic, erik_lair_island, zombieorc2_lemuel,
          portal_ice_cave_rime, roderic_roman_lattice
Temple:   nicolae_temple_bog_church

Skill      XL: |  1  2  3  4  5  6  7  8  9 10 11 |
---------------+----------------------------------+-----
Stealth        | 2 |  2.0
Dodging        | 2 3 4 5 6 |  6.3
Short Blades   | 1 2 3 |  3.6
Conjurations   | 2 3 4 5 6 |  6.9
Spellcasting   | 3 4 5 6 |  6.4
Fire Magic     | 4 5 6 7 |  7.5
Fighting       | 1 2 4 5 6 |  6.7
Air Magic      | 2 3 5 6 7 |  7.0
Long Blades    | 3 5 6 7 |  7.7

Action                     |  1- 3 |  4- 6 |  7- 9 | 10-12 || total
---------------------------+-------+-------+-------+-------++-------
  Melee: Short sword       |    71 |       |       |       ||    71
         Tailslap          |    13 |    13 |    22 |    47 ||    95
         Dagger            |    16 |   125 |    24 |       ||   165
         Punch             |       |     1 |     1 |     2 ||     4
         Long sword        |       |       |   148 |   248 ||   396
   Cast: Foxfire           |    41 |    43 |    11 |    14 ||   109
         Scorch            |       |    29 |    26 |     9 ||    64
         Mephitic Cloud    |       |       |     5 |     7 ||    12
         Kindle Blastspark |       |       |     7 |    21 ||    28
         Inner Flame       |       |       |     2 |       ||     2
         Flame Wave        |       |       |       |     3 ||     3
Ability: Breathe Lightning |       |       |     1 |     2 ||     3
  Evoke: Wand              |       |       |     2 |       ||     2
    Use: Scroll            |     5 |     6 |     4 |     9 ||    24
         Potion            |     1 |     4 |     6 |     8 ||    19
   Stab: Sleeping          |     3 |     2 |     1 |     1 ||     7
         Confused          |       |       |     1 |       ||     1
 Armour: Skin              |    26 |    57 |    71 |   114 ||   268
  Dodge: Dodged            |    82 |   108 |   184 |   236 ||   610

Table legend: (Time is in decaauts)
 A = Elapsed time spent in this place.
 B = Non-inter-level travel time spent in this place.
 C = Inter-level travel time spent in this place.
 D = Time resting spent in this place.
 E = Time spent auto-exploring this place.
 F = Levels seen in this place.
 G = Mean time per level.
                   A        B        C        D        E       F      G
               +--------+--------+--------+--------+--------+-----+--------+
         Total |  14226 |  13785 |    441 |   4233 |   6778 |  12 | 1185.5 |
       Dungeon |  14014 |  13583 |    431 |   4233 |   6620 |  11 | 1274.0 |
        Temple |    212 |    202 |     10 |      0 |    158 |   1 |  212.0 |
               +--------+--------+--------+--------+--------+-----+--------+

Top non-repeatable levels by time:
    D:10: 1840 daAuts
     D:6: 1734 daAuts
     D:3: 1638 daAuts
     D:9: 1404 daAuts
     D:7: 1267 daAuts
     D:8: 1226 daAuts
     D:4: 1219 daAuts
     D:1: 1194 daAuts
     D:2: 1007 daAuts
     D:5: 752 daAuts
    D:11: 727 daAuts
  Temple: 212 daAuts
